 Dungeon Crawl Stone Soup version 0.23.2-33-g5129a83184 (webtiles) character file.

Game seed: 15648958656112564028

37 psyvane the Charmwright (level 3, 0/27 HPs)
             Began as a Merfolk Skald on June 30, 2019.
             Succumbed to an adder's poison
             ... on level 2 of the Dungeon.
             The game lasted 00:04:02 (1385 turns).

psyvane the Charmwright (Merfolk Skald)             Turns: 1385, Time: 00:04:03

Health: 0/27       AC:  3    Str: 12    XL:     3   Next: 39%
Magic:  1/6        EV: 12    Int: 12    God:
Gold:   81         SH:  0    Dex: 13    Spells: 3/6 levels left

rFire    . . .     SeeInvis .   a - +0 spear
rCold    . . .     Gourm    .   (no shield)
rNeg     . . .     Faith    .   b - +0 leather armour
rPois    .         Spirit   .   (no helmet)
rElec    .         Reflect  .   (no cloak)
rCorr    .         Harm     .   (no gloves)
MR       .....                  (no boots)
Stlth    +.........             (no amulet)
HPRegen  0.09/turn              (no ring)
MPRegen  0.10/turn              (no ring)

@: lethally poisoned (0 -> -12), infused
A: change form in water, swift swim, stealthy swim
a: no special abilities


You were on level 2 of the Dungeon.
You were hungry.

You visited 1 branch of the dungeon, and saw 2 of its levels.

You collected 81 gold pieces.

Inventory:

Hand Weapons
 a - a +0 spear (weapon)
Armour
 b - a +0 leather armour (worn)
Scrolls
 c - a scroll of immolation {unknown}
 e - a scroll of blinking {unknown}
 g - a scroll of remove curse {unknown}
Comestibles
 d - a ration


   Skills:
 - Level 2.1 Fighting
 * Level 3.9 Polearms
 - Level 0.6 Armour
 - Level 3.0 Dodging
 * Level 2.2 Spellcasting
 * Level 4.1 Charms


You had 3 spell levels left.
You knew the following spells:

 Your Spells              Type           Power        Failure   Level  Hunger
a - Infusion              Chrm           ##..         6%          1    ##.....
b - Shroud of Golubria    Chrm/Tloc      #.........   22%         2    ###....

Your spell library contained the following spells:

 Spells                   Type           Power        Failure   Level  Hunger
 Song of Slaying          Chrm           ##......     10%         2    ###....
 Regeneration             Chrm/Necr      #.........   41%         3    ####...
 Spectral Weapon          Hex/Chrm       #.......     41%         3    ####...


Dungeon Overview and Level Annotations

Branches:
Dungeon (2/15)

Altars:
Okawaru
Ru
Trog
Xom


Message History

* * * LOW HITPOINT WARNING * * *
You feel sick. The adder bites you.
* * * LOW HITPOINT WARNING * * *
You completely miss the adder.
The adder is moderately wounded.
* * * LOW HITPOINT WARNING * * *
You feel sick. The adder misses you.
Casting: Shroud of Golubria (safe; 22% risk of failure)
Confirm with . or Enter, or press ? or * to list all spells.
You begin infusing your attacks with magical energy.
* * * LOW HITPOINT WARNING * * *
You feel sick. The adder bites you but does no damage.
Casting: Infusion (safe; 6% risk of failure)
Confirm with . or Enter, or press ? or * to list all spells.
You extend your infusion's duration.
* * * LOW HITPOINT WARNING * * *
You feel sick. The adder barely misses you.
You hit the adder.
The adder is severely wounded.
You die...

#..........#
#.......##########
#.................
###.).#..<.###.###
###.#....#
#.#....###
#........#
######........
#....@S....#..
#..............
#...............
#..............
#.._...........
#._8_..........
#.._...#.#..###
#...........#


You could see an adder.

Vanquished Creatures
  An adder (D:2)
  An ooze (D:1)
  A dart slug (D:1)
  2 leopard geckos (D:1)
  A giant cockroach (D:1)
  4 hobgoblins
  4 bats (D:1)
  A frilled lizard (D:1)
  3 kobolds (D:1)
  3 rats (D:1)
21 creatures vanquished.

Notes
Turn   | Place    | Note
-------+----------+-------------------------------------------
     0 | D:1      | psyvane the Merfolk Skald began the quest for the Orb.
     0 | D:1      | Reached XP level 1. HP: 16/16 MP: 3/3
   321 | D:1      | Reached XP level 2. HP: 13/22 MP: 5/5
   325 | D:1      | Learned a level 2 spell: Shroud of Golubria
   991 | D:1      | Reached XP level 3. HP: 27/27 MP: 6/6
  1000 | D:1      | Reached skill level 4 in Charms
  1372 | D:2      | Found a shimmering altar of Xom.
  1372 | D:2      | Found a sacrificial altar of Ru.
  1372 | D:2      | Found an iron altar of Okawaru.
  1373 | D:2      | Found a bloodstained altar of Trog.
  1384 | D:2      | HP: 1/27 [poisoned by an adder]
  1385 | D:2      | Succumbed to an adder's poison

Skill      XL: |  1  2  3 |
---------------+----------+-----
Dodging        | 3 |  3.0
Charms         | 4 |  4.1
Fighting       | |  2.1
Polearms       | |  3.9
Armour         | |  0.6
Spellcasting   | |  2.2

Action                   || total
-------------------------++-------
Melee: Spear             ||   121
 Cast: Infusion          ||     2
       Shroud of Golubri ||     1
 Stab: Sleeping          ||     2
  Eat: Chunk             ||     1
Armor: Leather armour    ||    22
Dodge: Dodged            ||    55
